 Dungeon Sprint DCSS version 0.20-a0-309-gcba9277 (webtiles) character file.

1421 profreshinal the Tainter (level 8, -1/48 HPs)
             Began as an Octopode Venom Mage on Dec 19, 2016.
             Was a Priest of Sif Muna.
             Killed by an exploding ballistomycete spore (20 damage)
             ... in the Dungeon (Sprint I: "Red Sonja").
             The game lasted 00:05:15 (1053 turns).

profreshinal the Tainter (Octopode Venom Mage)      Turns: 1053, Time: 00:05:16

Health: -1/48      AC:  1    Str:  7    XL:     8   Next: 72%
Magic:  20/20      EV: 15    Int: 20    God:    Sif Muna [***...]
Gold:   513        SH:  0    Dex: 12    Spells: 15/23 levels left

rFire  . . .     SeeInvis .     i - +0 dagger
rCold  . . .     Gourm    .     (no shield)
rNeg   . . .     Faith    .     (helmet restricted)
rPois  .         Spirit   .     (no amulet)
rElec  .         Reflect  .     k - ring of stealth
rCorr  .         Harm     .     (no ring)
MR     .....     NoTele   +     (no ring)
Stlth  ++++......               (no ring)
                                (no ring)
                                (no ring)
                                (no ring)
                                (no ring)

@: confused
A: almost no armour, stealthy swim, amphibious, 8 rings, constrict 8, camouflage
1, gelatinous body 1
a: Divine Energy, Channel Magic, Renounce Religion


You were in the Dungeon.
You worshipped Sif Muna.
Sif Muna was most pleased with you.
You were near starving.

You visited 1 branch You collected 513 gold pieces.

Inventory:

Hand Weapons
 i - a +0 dagger (weapon)
Jewellery
 k - a ring of stealth (left tentacle)
Wands
 j - a wand of random effects (20/48)
Scrolls
 h - a scroll of blinking
Potions
 c - a potion of curing
 d - a potion of heal wounds
 e - a potion of haste
 f - 2 potions of magic
 g - a potion of berserk rage
Books
 a - a Young Poisoner's Handbook

   Spells                             Type                      Level
   a - Sting                          Conjuration/Poison           1
   b - Mephitic Cloud                 Conjuration/Poison/Air       3
   c - Olgreb's Toxic Radiance        Poison                       4
   d - Alistair's Intoxication        Transmutation/Poison         5
   e - Venom Bolt                     Conjuration/Poison           5
Comestibles
 b - a bread ration


   Skills:
 + Level 1.4 Fighting
 + Level 4.4 Dodging
 + Level 11.2 Stealth
 + Level 5.6 Unarmed Combat
 + Level 8.1 Spellcasting
 + Level 3.1 Conjurations
 + Level 2.5 Air Magic
 + Level 14.7 Poison Magic


You had 15 spell levels left.
You knew the following spells:

 Your Spells              Type           Power        Failure   Level  Hunger
a - Sting                 Conj/Pois      ####         1%          1    None
b - Mephitic Cloud        Conj/Pois/Air  #####...     1%          3    None
c - Olgreb's Toxic Radia  Pois           ######..     1%          4    ###....


Dungeon Overview and Level Annotations

Branches:
Dungeon (1/1)

Altars:
Cheibriados
Dithmenos
Elyvilon
Fedhas
Gozag
Hepliaklqana
Kikubaaqudgha
Nemelex Xobeh
Okawaru
Qazlal
Ru
Sif Muna
Trog
Uskayaw
Vehumet
Yredelemnul
Zin
The Shining One

Shops:
D :[


Innate Abilities, Weirdness & Mutations

You cannot wear most types of armour.
You are very stealthy in the water. (Stealth+)
You are amphibious.
You can wear up to eight rings at the same time.
You can use your tentacles to constrict eight enemies at once.
Your skin changes colour to match your surroundings (Stealth+).
Your rubbery body absorbs attacks. (AC +1, EV +1)


Message History

There is an open door here.
There is an open door here.
You start resting.
HP restored.
As you open the door, it creaks loudly! 2 ballistomycete spores come into view.
The ballistomycete spore waves its rhizomes. x2
A ballistomycete grows in the wake of the ballistomycete spore.
Found four items.
The ballistomycete spore explodes!
The explosion of spores engulfs you!
You are confused.
Ouch! That really hurt!
The explosion of spores engulfs the ballistomycete spore.
The ballistomycete spore explodes!
A fungus suddenly grows.
The explosion of spores engulfs the ballistomycete.
The explosion of spores engulfs you!
You are more confused.
You die...

#..####..#...#.#
#..#__####..##.#
#..#_____##'#..+
#⌠⌠#_.∩...'..._#
####_..__##_(#+#
#_____###'# ###
#########)####+###.##
+...'.....'[∩#
#.@.########## ##.##
#'#


P$P $?%$$ ####### There were no monsters in sight!

Vanquished Creatures
  Sonja (D)
  A deep troll (D)
  A yak (D)
  Sigmund (D)
  An ogre (D)
  A jelly (D)
  Ijyb (D)
7 creatures vanquished.

Notes
Turn   | Place    | Note
-------+----------+-------------------------------------------
     0 | D        | profreshinal the Octopode Venom Mage began the quest for the Orb.
     0 | D        | Reached XP level 1. HP: 11/11 MP: 3/3
     2 | D        | Noticed Ijyb
    16 | D        | Killed Ijyb
    16 | D        | Reached skill level 7 in Poison Magic
    16 | D        | Reached XP level 2. HP: 3/17 MP: 1/5
    16 | D        | Reached XP level 3. HP: 4/21 MP: 1/6
   253 | D        | Learned a level 3 spell: Mephitic Cloud
   255 | D        | Noticed an ogre
   271 | D        | Killed an ogre
   271 | D        | Reached skill level 5 in Stealth
   271 | D        | Reached skill level 1 in Unarmed Combat
   271 | D        | Reached skill level 10 in Poison Magic
   271 | D        | Reached XP level 4. HP: 27/27 MP: 0/9
   357 | D        | Noticed Sigmund
   364 | D        | Learned a level 4 spell: Olgreb's Toxic Radiance
   374 | D        | Killed Sigmund
   374 | D        | Reached skill level 1 in Conjurations
   374 | D        | Reached skill level 11 in Poison Magic
   374 | D        | Reached XP level 5. HP: 31/31 MP: 3/11
   374 | D        | Reached XP level 6. HP: 36/36 MP: 3/12
   448 | D        | Found a deep blue altar of Sif Muna.
   450 | D        | Found a radiant altar of Vehumet.
   459 | D        | Became a worshipper of Sif Muna the Loreminder
   476 | D        | Found Qasuxt's Book Emporium.
   476 | D        | Found an ancient bone altar of Kikubaaqudgha.
   476 | D        | Found a hazy altar of Hepliaklqana.
   476 | D        | Found a hide-covered altar of Uskayaw.
   476 | D        | Found a basalt altar of Yredelemnul.
   476 | D        | Found an opulent altar of Gozag.
   476 | D        | Found a snail-covered altar of Cheibriados.
   476 | D        | Found a sacrificial altar of Ru.
   476 | D        | Found a shadowy altar of Dithmenos.
   476 | D        | Noticed a yak
   478 | D        | Found a stormy altar of Qazlal.
   478 | D        | Found a blossoming altar of Fedhas.
   478 | D        | Found a bloodstained altar of Trog.
   478 | D        | Found an iron altar of Okawaru.
   478 | D        | Found a glowing silver altar of Zin.
   490 | D        | Killed a yak
   490 | D        | Reached skill level 1 in Fighting
   490 | D        | Reached skill level 5 in Spellcasting
   490 | D        | Reached skill level 1 in Air Magic
   490 | D        | Reached skill level 12 in Poison Magic
   490 | D        | Reached XP level 7. HP: 30/43 MP: 5/14
   502 | D        | Found a glowing golden altar of the Shining One.
   502 | D        | Found a white marble altar of Elyvilon.
   504 | D        | Found a sparkling altar of Nemelex Xobeh.
   584 | D        | Noticed Sonja
   590 | D        | Killed Sonja
   590 | D        | Reached * piety under Sif Muna
   590 | D        | Reached ** piety under Sif Muna
   590 | D        | Reached skill level 10 in Stealth
   590 | D        | Reached skill level 5 in Unarmed Combat
   590 | D        | Reached skill level 14 in Poison Magic
   590 | D        | Reached XP level 8. HP: 17/48 MP: 3/18
   833 | D        | Noticed a deep troll
   856 | D        | Killed a deep troll
   856 | D        | Reached *** piety under Sif Muna
   959 | D        | Found Rosimn's Armour Emporium.
  1053 | D        | Killed by an exploding ballistomycete spore

Vault maps used:
D:        dungeon_sprint_1

Skill      XL: |  1  2  3  4  5  6  7  8 |
---------------+-------------------------+-----
Stealth        | 3 5 6 8 10 11 | 11.2
Poison Magic   | 7 10 11 12 14 | 14.7
Dodging        | 3 4 |  4.4
Unarmed Combat | 1 3 4 5 |  5.6
Spellcasting   | 3 4 5 6 8 |  8.1
Conjurations   | 1 2 3 |  3.1
Fighting       | 1 |  1.4
Air Magic      | 1 2 |  2.5

Action                   |  1- 3 |  4- 6 |  7- 9 || total
-------------------------+-------+-------+-------++-------
Melee: Unarmed           |    21 |     8 |       ||    29
       Tentacles         |     3 |       |       ||     3
       Constrict         |     1 |     3 |       ||     4
       Dagger            |       |     1 |     2 ||     3
 Cast: Sting             |     4 |       |       ||     4
       Mephitic Cloud    |     1 |     1 |     2 ||     4
       Olgreb's Toxic Ra |       |     3 |     6 ||     9
 Stab: Confused          |     2 |     2 |       ||     4
       Sleeping          |       |     1 |       ||     1
Armor: Skin              |     2 |       |       ||     2
Dodge: Dodged            |     4 |     3 |     5 ||    12
